 Dungeon Crawl Stone Soup version 0.20.0-14-g326068f (webtiles) character file.

12247 Rrauwl the Basher (level 11, -10/78 HPs)
             Began as a Gargoyle Monk on June 8, 2017.
             Was a High Priest of Dithmenos.
             Mangled by Snorg (17 damage)
             ... on level 10 of the Dungeon.
             The game lasted 00:37:53 (9479 turns).

Rrauwl the Basher (Gargoyle Monk)                   Turns: 9479, Time: 00:37:54

Health: -10/78     AC: 26    Str: 21    XL:     11   Next: 90%
Magic:  13/13      EV: 11    Int: 10    God:    Dithmenos [*****.]
Gold:   375        SH:  8    Dex: 14    Spells: 8/10 levels left

rFire    + + .     SeeInvis .   a - +2 mace
rCold    . . .     Gourm    .   x - +2 buckler
rNeg     + . .     Faith    .   k - +2 scale mail {rF+}
rPois    ∞         Spirit   .   m - +0 helmet
rElec    +         Reflect  .   (no cloak)
rCorr    .         Harm     .   y - +0 pair of gloves
MR       +....                  p - +0 pair of boots
Stlth    ++........             (no amulet)
Regen    0.3/turn               u - ring of protection from magic
MPRegen  0.2/turn               e - ring of Maklo {rF+ Str+2}

@: wreathed by umbra
A: icy blue scales 1, thin metallic scales 1, low mp 1, negative energy
resistance 1, sense surroundings 1, robust 1, electricity resistance, strong 1,
unbreathing, petrification resistance, rot immunity, AC +7
a: Shadow Step, Shadow Form, Renounce Religion


You were on level 10 of the Dungeon.
You worshipped Dithmenos.
Dithmenos was extremely pleased with you.
You were not hungry.

You visited 2 branches of the dungeon, and saw 11 of its levels.

You collected 375 gold pieces.

Inventory:

Hand Weapons
 a - a +2 mace (weapon)
 b - a +1 hunting sling
Missiles
 l - 133 stones (quivered)
 B - 39 sling bullets
Armour
 k - a +2 scale mail of fire resistance (worn)
 m - a +0 helmet (worn)
 p - a +0 pair of boots (worn)
 x - a +2 buckler (worn)
 y - a +0 pair of gloves (worn)
Jewellery
 e - the ring of Maklo (right hand) {rF+ Str+2}
   (You found it on level 6 of the Dungeon)

   [ring of protection from fire]

   It affects your strength (+2).
   It protects you from fire.
 f - an uncursed amulet of faith
 u - a ring of protection from magic (left hand)
Wands
 d - a wand of lightning (0/15)
 v - a wand of digging (10/24)
Scrolls
 g - 5 scrolls of identify
 h - 4 scrolls of remove curse
 i - a scroll of enchant weapon
 q - a scroll of amnesia
 t - a scroll of magic mapping
Potions
 n - 3 potions of mutation
 w - a potion of curing
Books
 s - a book of the Earth

   Spells                             Type                      Level
   a - Leda's Liquefaction            Hexes/Earth                  4
   b - Bolt of Magma                  Conjuration/Fire/Earth       5
   c - Statue Form                    Transmutation/Earth          6
   d - Iron Shot                      Conjuration/Earth            6
   e - Shatter                        Earth                        9
 C - a book of Minor Magic

   Spells                             Type                      Level
   a - Magic Dart                     Conjuration                  1
   b - Blink                          Translocation                2
   c - Call Imp                       Summoning                    2
   d - Slow                           Hexes                        2
   e - Conjure Flame                  Conjuration/Fire             3
   f - Mephitic Cloud                 Conjuration/Poison/Air       3
Miscellaneous
 o - a fan of gales (inert)
Comestibles
 c - 7 bread rations
 j - 5 royal jellies
 r - 4 meat rations


   Skills:
 + Level 9.2 Fighting
 + Level 10.8 Maces & Flails
 - Level 10.0 Armour
 - Level 3.1 Dodging
 - Level 5.3 Stealth
 - Level 10.0 Shields
 - Level 5.1 Invocations
 + Level 1.2 Evocations


You had 8 spell levels left.
You knew the following spells:

 Your Spells              Type           Power        Failure   Level  Hunger
a - Blink                 Tloc           N/A          78%         2    ###....


Dungeon Overview and Level Annotations

Branches:
Dungeon (10/15)            Temple (1/1) D:4            Lair (0/6) D:10
    Orc: D:9-12

Altars:
Ashenzari
Cheibriados
Dithmenos
Elyvilon
Fedhas
Gozag
Hepliaklqana
Kikubaaqudgha
Makhleb
Nemelex Xobeh
Okawaru
Qazlal
Ru
Sif Muna
Trog
Uskayaw
Vehumet
Xom
Yredelemnul
Zin
The Shining One

Shops:
D:8 =

Annotations:
D:10 Snorg, Sonja


Innate Abilities, Weirdness & Mutations

You are resistant to torment.
Your stone body is resilient. (AC +7)
You are immune to poison.
You resist negative energy. (rN+)
You are resistant to electric shocks. (rElec)
You can survive without breathing.
You are immune to petrification.
You are immune to rotting.
You are partially covered in icy blue scales. (AC +2)
You are partially covered in thin metallic scales. (AC +2)
Your magical capacity is low. (-10% MP)
You passively map a small area around you.
You are robust. (+10% HP)
Your muscles are strong. (Str +2)


Message History

You block Snorg's attack.
Sonja shouts, "Some dancing partner you are!"
You sock Snorg!
Snorg is severely wounded.
Your shadow hits Snorg with a mace. You block Snorg's attack.
Snorg closely misses you. Snorg barely misses you. Snorg bites you!
Snorg barely misses you. Snorg closely misses you.
You sock Snorg!
Snorg is severely wounded.
Your shadow hits Snorg with a mace. Snorg completely misses you.
Snorg claws you. You block Snorg's attack.
You closely miss Snorg.
Snorg is severely wounded.
Your shadow barely misses Snorg.
Snorg bites you!
* * * LOW HITPOINT WARNING * * *
Snorg claws you.
* * * LOW HITPOINT WARNING * * *
Snorg claws you but does no damage.
You fail to use your ability.
Snorg bites you!
You die...

..........(.............#########
.........(.##########...# #
....#...#..# #..># # ..........o#
#...# # ..).....#..# #...# #
#....#.##..# #... # ###.#####..#
, #######
........(..##########... .......
..............KT@....... .......
...............######### #######
.[.[...........# #
......../......# #
...............# #
.<.............# * ########
................. ........
................. , ** ########
#################


You could see Snorg (berserk) and Sonja.

Vanquished Creatures
  4 two-headed ogres
  3 death yaks
  Joseph (D:8)
  A troll (D:9)
  A hippogriff (D:9)
  3 hogs (D:7)
  A human (D:7)
  7 yaks
  A hungry ghost (D:6)
  Grum (D:9)
  2 sky beasts
  4 orc warriors
  An eye of draining (D:9)
  A black bear (D:9)
  An ice beast (D:10)
  A phantom (D:10)
  An ogre (D:8)
  4 wolves (D:9)
  5 centaurs
  7 bullfrogs
  A scorpion (D:5)
  5 killer bees (D:8)
  3 wights (D:8)
  A howler monkey (D:6)
  A bullfrog zombie (D:6)
  12 crimson imps
  A jelly (D:10)
  3 centaur zombies
  5 hounds
  9 orc wizards
  2 centaur skeletons (D:5)
  7 orc priests
  3 bullfrog skeletons
  4 iguanas
  5 worker ants
  2 hound skeletons
  A worker ant zombie (D:5)
  4 gnolls (D:6)
  15 adders
  4 shadow imps
  A white imp (D:8)
  2 oozes (D:1)
  An adder skeleton (D:9)
  2 adder zombies
  A worm (D:2)
  A dart slug (D:3)
  4 leopard geckos
  39 orcs
  5 giant cockroaches
  6 goblins
  11 hobgoblins
  8 jackals
  5 quokkas
  4 bats
  6 frilled lizards
  A jackal zombie (D:6)
  7 kobolds
  A leopard gecko skeleton (D:7)
  A quokka zombie (D:9)
  5 rats
249 creatures vanquished.

Notes
Turn   | Place    | Note
-------+----------+-------------------------------------------
     0 | D:1      | Rrauwl the Gargoyle Monk began the quest for the Orb.
     0 | D:1      | Reached XP level 1. HP: 14/14 MP: 1/1
   151 | D:1      | Reached XP level 2. HP: 19/19 MP: 2/2
   793 | D:1      | Reached XP level 3. HP: 23/23 MP: 3/3
  1190 | D:2      | Found a faded altar of an unknown god.
  1195 | D:2      | Became a worshipper of Dithmenos the Shadowed
  1195 | D:2      | Reached * piety under Dithmenos
  1195 | D:2      | Reached ** piety under Dithmenos
  1340 | D:2      | Reached XP level 4. HP: 25/28 MP: 4/4
  1497 | D:2      | Reached skill level 1 in Shields
  1564 | D:3      | Reached skill level 1 in Armour
  1591 | D:3      | Noticed a bullfrog
  1627 | D:3      | Killed a bullfrog
  1627 | D:3      | Reached XP level 5. HP: 15/32 MP: 5/5
  1635 | D:3      | Reached *** piety under Dithmenos
  1830 | D:3      | Found a white marble altar of Elyvilon.
  1846 | D:3      | Found a glowing silver altar of Zin.
  1857 | D:3      | Found a deep blue altar of Sif Muna.
  1871 | D:3      | Found a glowing golden altar of the Shining One.
  2290 | D:4      | Got a heavily jewelled robe
  2301 | D:4      | Identified the +1 robe of Light {MP+9 Dex+2} (You found it on level 4 of the Dungeon)
  2313 | D:4      | Found a staircase to the Ecumenical Temple.
  2334 | D:4      | Reached XP level 6. HP: 32/37 MP: 6/6
  2344 | Temple   | Entered the Ecumenical Temple
  2860 | D:4      | Reached skill level 5 in Maces & Flails
  2907 | D:4      | Reached XP level 7. HP: 16/41 MP: 7/7
  3526 | D:5      | Entered Level 5 of the Dungeon
  3575 | D:5      | Gained mutation: Your mind is acute. (Int +2) [mutagenic meat]
  3658 | D:5      | Found a snail-covered altar of Cheibriados.
  3670 | D:5      | Reached **** piety under Dithmenos
  4260 | D:6      | Reached XP level 8. HP: 53/53 MP: 8/8
  4262 | D:6      | Lost mutation: Your mind is acute. (Int +2) [potion of mutation]
  4262 | D:6      | Gained mutation: You have an increased reservoir of magic. (+10% MP) [potion of mutation]
  4262 | D:6      | Gained mutation: You are clumsy. (Dex -2) [potion of mutation]
  4262 | D:6      | Gained mutation: You do not regenerate when monsters are visible. [potion of mutation]
  4262 | D:6      | Gained mutation: You are partially covered in large bone plates. (SH +4) [potion of mutation]
  4331 | D:6      | Reached XP level 9. HP: 39/57 MP: 9/9
  4345 | D:6      | Found a shadowy altar of Dithmenos.
  4388 | D:6      | Lost mutation: You have an increased reservoir of magic. (+10% MP) [potion of mutation]
  4388 | D:6      | Lost mutation: You do not regenerate when monsters are visible. [potion of mutation]
  4388 | D:6      | Lost mutation: You are clumsy. (Dex -2) [potion of mutation]
  4388 | D:6      | Lost mutation: You are partially covered in large bone plates. (SH +4) [potion of mutation]
  4388 | D:6      | Gained mutation: Your muscles are strong. (Str +2) [potion of mutation]
  4388 | D:6      | Gained mutation: You are partially covered in icy blue scales. (AC +2) [potion of mutation]
  4388 | D:6      | Gained mutation: You are partially covered in thin metallic scales. (AC +2) [potion of mutation]
  4388 | D:6      | Gained mutation: You passively map a small area around you. [potion of mutation]
  4603 | D:6      | Got a scorched granite ring
  4604 | D:6      | Identified the ring of Maklo {rF+ Str+2} (You found it on level 6 of the Dungeon)
  5132 | D:7      | Reached skill level 1 in Invocations
  5408 | D:8      | Found Mefam's Jewellery Shop.
  5546 | D:8      | Noticed a two-headed ogre
  5554 | D:8      | Killed a two-headed ogre
  5754 | D:7      | Reached XP level 10. HP: 63/63 MP: 12/12
  6443 | D:7      | Reached ***** piety under Dithmenos
  6956 | D:8      | Noticed a two-headed ogre
  6977 | D:8      | Killed a two-headed ogre
  7306 | D:8      | Noticed a two-headed ogre
  7318 | D:8      | Killed a two-headed ogre
  7318 | D:8      | Reached skill level 5 in Invocations
  7321 | D:8      | Noticed Joseph
  7331 | D:8      | Killed Joseph
  7331 | D:8      | Reached XP level 11. HP: 36/67 MP: 14/14
  7433 | D:8      | Reached skill level 10 in Armour
  7818 | D:9      | Noticed a two-headed ogre
  7852 | D:9      | Reached skill level 10 in Shields
  7881 | D:9      | Learned a level 2 spell: Blink
  8002 | D:9      | Reached skill level 10 in Maces & Flails
  8126 | D:9      | Noticed Grum
  8151 | D:9      | Killed a two-headed ogre
  8153 | D:9      | Killed Grum
  8514 | D:10     | Entered Level 10 of the Dungeon
  8514 | D:10     | Noticed a death yak
  8598 | D:10     | Gained mutation: Your magical capacity is low. (-10% MP) [mutagenic meat]
  8599 | D:10     | Gained mutation: You are robust. (+10% HP) [mutagenic meat]
  8669 | D:10     | Noticed a death yak
  8671 | D:10     | Noticed a death yak
  8680 | D:10     | Killed a death yak
  8680 | D:10     | Reached skill level 5 in Stealth
  9078 | D:9      | Killed a death yak
  9285 | D:9      | Killed a death yak
  9285 | D:9      | Reached skill level 1 in Evocations
  9417 | D:10     | Found a staircase to the Lair.
  9427 | D:10     | Noticed Sonja
  9445 | D:10     | Noticed Snorg
  9479 | D:10     | Mangled by Snorg

Skill      XL: |  1  2  3  4  5  6  7  8  9 10 11 |
---------------+----------------------------------+-----
Dodging        | 3 |  3.1
Maces & Flails | 4 5 8 9 10 | 10.8
Shields        | 1 2 3 8 9 10 | 10.0
Armour         | 1 2 3 8 9 10 | 10.0
Fighting       | 7 9 |  9.2
Invocations    | 2 5 |  5.1
Stealth        | 5 |  5.3
Evocations     | 1 |  1.2

Action                   |  1- 3 |  4- 6 |  7- 9 | 10-12 || total
-------------------------+-------+-------+-------+-------++-------
Melee: Mace              |   171 |   223 |   186 |   607 ||  1187
       Flail             |       |       |   165 |       ||   165
Evoke: Wand              |       |       |     2 |    22 ||    24
       Fan of gales      |       |       |       |     1 ||     1
  Use: Potion            |       |     5 |     5 |     6 ||    16
       Scroll            |       |       |    11 |     7 ||    18
  Eat: Chunk             |     2 |     5 |    14 |    11 ||    32
       Fruit             |       |       |       |     5 ||     5
Armor: Robe              |    20 |       |       |       ||    20
       Scale mail        |    51 |   108 |   122 |   237 ||   518
Dodge: Dodged            |   135 |   143 |   150 |   260 ||   688
Block: Buckler           |     1 |    53 |   117 |   227 ||   398
